UAA
SUN PRAIRIE SWALLOWS @ PAYNESVILLE PYRAMIDS
08/12/2018
 
TOP OF THE 1ST
Sun Prairie Swallows batting - Pitching for Paynesville Pyramids : LHP Leslie Brooks
Pitching: LHP Leslie Brooks
Batting: RHB Monty Sharp 0-0: Ball
1-0: Ball
2-0: Swinging Strike
2-1: Swinging Strike
2-2: Ball
3-2: Strikes out swinging
Batting: RHB Ron Williams 0-0: Called Strike
0-1: SINGLE (Line Drive, 78S)
Batting: LHB Bernardo Elías 0-0: Fly out, F8 (Line Drive, 8LM)
Batting: RHB Jeremy Christensen 0-0: Ball
1-0: SINGLE (Line Drive, 89M)
Ron Williams to second
Batting: RHB Jon Erickson 0-0: Called Strike
0-1: Foul Ball, location: 2F
0-2: Ball
1-2: Strikes out swinging
Top of the 1st over - 0 run(s), 2 hit(s), 0 error(s), 2 left on base; Sun Prairie 0 - Paynesville 0
BOTTOM OF THE 1ST
Paynesville Pyramids batting - Pitching for Sun Prairie Swallows : LHP Lorenzo Sánchez
Pitching: LHP Lorenzo Sánchez
Batting: RHB Bob Curry 0-0: Foul Ball, location: 2F
0-1: Foul Ball, location: 2F
0-2: Ball
1-2: Ball
2-2: Strikes out swinging
Batting: LHB Greg Robinson 0-0: Ball
1-0: Fly out, F4 (Popup, 4MD)
Batting: RHB Todd Blake 0-0: Foul Ball, location: 2F
0-1: Ground out 5-3 (Groundball, 5S)
Bottom of the 1st over - 0 run(s), 0 hit(s), 0 error(s), 0 left on base; Sun Prairie 0 - Paynesville 0
TOP OF THE 2ND
Sun Prairie Swallows batting - Pitching for Paynesville Pyramids : LHP Leslie Brooks
Batting: LHB Kent Roberts 0-0: Swinging Strike
0-1: Ball
1-1: Swinging Strike
1-2: Ball
2-2: Foul Ball, location: 2F
2-2: Ground out U3 (Groundball, 3)
Batting: RHB Dave Moulin 0-0: Foul Ball, location: 2F
0-1: Ball
1-1: Ball
2-1: Ball
3-1: Foul Ball, location: 2F
3-2: Base on Balls
Batting: RHB David Morales 0-0: Foul Ball, location: 2F
0-1: Ball
1-1: Grounds into double play, 5-4-3 (Groundball, 5L)
Top of the 2nd over - 0 run(s), 0 hit(s), 0 error(s), 0 left on base; Sun Prairie 0 - Paynesville 0
BOTTOM OF THE 2ND
Paynesville Pyramids batting - Pitching for Sun Prairie Swallows : LHP Lorenzo Sánchez
Batting: RHB Bill Dennis 0-0: Ball
1-0: Ball
2-0: Ground out U3 (Groundball, 3S)
Batting: RHB Eddie O'Bryan 0-0: Ball
1-0: Fly out, F9 (Flyball, 9M)
Batting: SHB Evan Adams 0-0: Swinging Strike
0-1: Called Strike
0-2: Foul Ball, location: 2F
0-2: Strikes out swinging
Bottom of the 2nd over - 0 run(s), 0 hit(s), 0 error(s), 0 left on base; Sun Prairie 0 - Paynesville 0
TOP OF THE 3RD
Sun Prairie Swallows batting - Pitching for Paynesville Pyramids : LHP Leslie Brooks
Batting: RHB Edgar Carrillo 0-0: Ground out 6-3 (Groundball, 56)
Batting: RHB Monty Sharp 0-0: Ball
1-0: Foul Ball, location: 2F
1-1: Foul Ball, location: 2F
1-2: SINGLE (Groundball, 5D)
Batting: RHB Ron Williams 0-0: Ball
1-0: Ball
2-0: Called Strike
2-1: Foul Ball, location: 2F
2-2: Ball
3-2: Base on Balls
Monty Sharp to second
Batting: LHB Bernardo Elías 0-0: Called Strike
Monty Sharp steals 3rd base
Ron Williams to second
0-1: Fly out, F8 (Flyball, 8LM)
Runner from 3rd tags up, SCORES, no throw
Batting: RHB Jeremy Christensen 0-0: SINGLE (Line Drive, 4MD)
Ron Williams to third
Batting: RHB Jon Erickson 0-0: Ball
1-0: Ball
2-0: Called Strike
2-1: Ball
3-1: 3-RUN HOME RUN (Flyball, 7D), Distance : 385 ft
Batting: LHB Kent Roberts 0-0: Called Strike
0-1: Ball
1-1: Ball
2-1: Foul Ball, location: 2F
2-2: Ball
3-2: Foul Ball, location: 2F
3-2: Strikes out swinging
Top of the 3rd over - 4 run(s), 3 hit(s), 0 error(s), 0 left on base; Sun Prairie 4 - Paynesville 0
BOTTOM OF THE 3RD
Paynesville Pyramids batting - Pitching for Sun Prairie Swallows : LHP Lorenzo Sánchez
Batting: LHB Thatcher Douglas 0-0: Called Strike
0-1: Ball
1-1: Ground out 6-3 (Groundball, 6M)
Batting: LHB José Durán 0-0: Called Strike
0-1: SINGLE (Groundball, 6MD) (infield hit)
Batting: SHB Clarence Teague 0-0: SINGLE (Line Drive, 7S)
José Durán to second
Batting: RHB Bob Curry 0-0: Called Strike
0-1: Ball
1-1: Ball
2-1: Called Strike
2-2: Grounds into double play, 4-6-3 (Groundball, 4)
Bottom of the 3rd over - 0 run(s), 2 hit(s), 0 error(s), 1 left on base; Sun Prairie 4 - Paynesville 0
TOP OF THE 4TH
Sun Prairie Swallows batting - Pitching for Paynesville Pyramids : LHP Leslie Brooks
Batting: RHB Dave Moulin 0-0: Ball
1-0: Ball
2-0: Swinging Strike
2-1: Ball
3-1: SINGLE (Line Drive, 34D)
Batting: RHB David Morales 0-0: Ball
1-0: Ball
2-0: Ball
3-0: Called Strike
3-1: SINGLE (Groundball, 6M) (infield hit)
Dave Moulin to second
Batting: RHB Edgar Carrillo 0-0: Called Strike
0-1: Swinging Strike
0-2: Ball
1-2: Strikes out swinging
Batting: RHB Monty Sharp 0-0: Called Strike
0-1: SINGLE (Groundball, 4MD)
Dave Moulin to third
David Morales to second
Batting: RHB Ron Williams 0-0: Ball
1-0: SINGLE (Groundball, 4D)
Dave Moulin scores
David Morales to third
Monty Sharp to second
Runner from 3rd tries for Home, SAFE, no throw or cutoff
Pitching: RHP José Júlio
Batting: LHB Bernardo Elías 0-0: Ball
1-0: Swinging Strike
1-1: Called Strike
1-2: Ball
2-2: Ball
3-2: Base on Balls
Monty Sharp to third
Ron Williams to second
Batting: RHB Jeremy Christensen 0-0: Ball
1-0: SINGLE (Line Drive, 3)
Monty Sharp scores
Ron Williams to third
Bernardo Elías to second
Runner from 3rd tries for Home, SAFE, no throw or cutoff
Batting: RHB Jon Erickson 0-0: Ball
1-0: Ball
2-0: Foul Ball, location: 2F
2-1: Foul Ball, location: 2F
2-2: Ball
3-2: Foul Ball, location: 2F
3-2: Base on Balls
Bernardo Elías to third
Jeremy Christensen to second
Batting: LHB Kent Roberts 0-0: Ball
1-0: Ball
2-0: SINGLE (Line Drive, 34D)
Bernardo Elías scores
Jeremy Christensen to third
Jon Erickson to second
Batting: RHB Dave Moulin 0-0: Ball
1-0: Fly out, F7 (Line Drive, 7M)
Runner from 3rd tags up, SCORES, throw made
Batting: RHB David Morales 0-0: Called Strike
0-1: Ball
1-1: Ground out 6-3 (Groundball, 6)
Top of the 4th over - 6 run(s), 6 hit(s), 0 error(s), 2 left on base; Sun Prairie 10 - Paynesville 0
BOTTOM OF THE 4TH
Paynesville Pyramids batting - Pitching for Sun Prairie Swallows : LHP Lorenzo Sánchez
Batting: LHB Greg Robinson 0-0: Foul Ball, location: 2F
0-1: Called Strike
0-2: Strikes out swinging
Batting: RHB Todd Blake 0-0: Foul Ball, location: 2F
0-1: Fly out, F8 (Flyball, 8RM)
Batting: RHB Bill Dennis 0-0: Ball
1-0: Ball
2-0: Called Strike
2-1: Foul Ball, location: 2F
2-2: Ball
3-2: Base on Balls
Batting: RHB Eddie O'Bryan 0-0: Called Strike
0-1: Ball
1-1: Called Strike
1-2: Ball
Bill Dennis is caught stealing 2nd base
Bottom of the 4th over - 0 run(s), 0 hit(s), 0 error(s), 0 left on base; Sun Prairie 10 - Paynesville 0
TOP OF THE 5TH
Sun Prairie Swallows batting - Pitching for Paynesville Pyramids : RHP José Júlio
Batting: RHB Edgar Carrillo 0-0: Ball
1-0: Swinging Strike
1-1: Ball
2-1: Called Strike
2-2: Foul Ball, location: 2F
2-2: Strikes out swinging
Batting: RHB Monty Sharp 0-0: Ball
1-0: Ball
2-0: Called Strike
2-1: Foul Ball, location: 2F
2-2: Strikes out swinging
Batting: RHB Ron Williams 0-0: Ball
1-0: Called Strike
1-1: Foul Ball, location: 2F
1-2: Ball
2-2: Ball
3-2: Strikes out looking
Top of the 5th over - 0 run(s), 0 hit(s), 0 error(s), 0 left on base; Sun Prairie 10 - Paynesville 0
BOTTOM OF THE 5TH
Paynesville Pyramids batting - Pitching for Sun Prairie Swallows : LHP Lorenzo Sánchez
Batting: RHB Eddie O'Bryan 0-0: Called Strike
0-1: Called Strike
0-2: DOUBLE (Line Drive, 5L)
Batting: SHB Evan Adams 0-0: Ball
1-0: Foul Ball, location: 2F
1-1: Fly out, F5 (Line Drive, 5L)
Batting: LHB Thatcher Douglas 0-0: Ball
1-0: Ball
2-0: Called Strike
2-1: Called Strike
2-2: Ground out 4-3 (Groundball, 4)
Eddie O'Bryan to third
Batting: LHB José Durán 0-0: Ball
1-0: Swinging Strike
1-1: Called Strike
1-2: Ball
2-2: Ball
3-2: Foul Ball, location: 2F
3-2: Base on Balls
Batting: SHB Clarence Teague 0-0: Called Strike
0-1: Ball
1-1: Ball
2-1: Ball
3-1: Base on Balls
José Durán to second
Batting: RHB Bob Curry 0-0: Swinging Strike
0-1: Ball
1-1: Foul Ball, location: 2F
1-2: Foul Ball, location: 2F
1-2: Strikes out looking
Bottom of the 5th over - 0 run(s), 1 hit(s), 0 error(s), 3 left on base; Sun Prairie 10 - Paynesville 0
TOP OF THE 6TH
Sun Prairie Swallows batting - Pitching for Paynesville Pyramids : RHP José Júlio
Batting: LHB Bernardo Elías 0-0: Ball
1-0: Ball
2-0: Fly out, F8 (Flyball, 8LM)
Batting: RHB Jeremy Christensen 0-0: Ball
1-0: Called Strike
1-1: Fly out, F8 (Flyball, 8LM)
Batting: RHB Jon Erickson 0-0: DOUBLE (Flyball, 89M)
Batting: LHB Kent Roberts 0-0: Called Strike
0-1: Ball
1-1: Ball
2-1: Foul Ball, location: 2F
2-2: Foul Ball, location: 2F
2-2: Fly out, F9 (Flyball, 9D)
Top of the 6th over - 0 run(s), 1 hit(s), 0 error(s), 1 left on base; Sun Prairie 10 - Paynesville 0
BOTTOM OF THE 6TH
Paynesville Pyramids batting - Pitching for Sun Prairie Swallows : LHP Lorenzo Sánchez
Batting: LHB Greg Robinson 0-0: Ball
1-0: Foul Ball, location: 2F
1-1: Ball
2-1: Ball
3-1: Foul Ball, location: 2F
3-2: Base on Balls
Batting: RHB Todd Blake 0-0: Ball
1-0: Called Strike
1-1: Ball
2-1: Swinging Strike
2-2: Grounds into double play, 6-4-3 (Groundball, 6)
Batting: RHB Bill Dennis 0-0: Swinging Strike
0-1: Foul Ball, location: 2F
0-2: Foul Ball, location: 2F
0-2: Strikes out swinging
Bottom of the 6th over - 0 run(s), 0 hit(s), 0 error(s), 0 left on base; Sun Prairie 10 - Paynesville 0
TOP OF THE 7TH
Sun Prairie Swallows batting - Pitching for Paynesville Pyramids : RHP José Júlio
Pitching: RHP Juan Herrera
Batting: RHB Dave Moulin 0-0: Foul Ball, location: 2F
0-1: Ball
1-1: Called Strike
1-2: Fly out, F9 (Flyball, 9M)
Batting: RHB David Morales 0-0: Ball
1-0: Ground out 2-3 (Groundball, 2R)
Batting: RHB Edgar Carrillo 0-0: Called Strike
0-1: Foul Ball, location: 2F
0-2: Fly out, F8 (Line Drive, 8LM)
Top of the 7th over - 0 run(s), 0 hit(s), 0 error(s), 0 left on base; Sun Prairie 10 - Paynesville 0
BOTTOM OF THE 7TH
Paynesville Pyramids batting - Pitching for Sun Prairie Swallows : LHP Lorenzo Sánchez
Batting: RHB Eddie O'Bryan 0-0: Ball
1-0: Called Strike
1-1: Ball
2-1: Called Strike
2-2: Ball
3-2: Foul Ball, location: 2F
3-2: Foul Ball, location: 2F
3-2: Base on Balls
Batting: SHB Evan Adams 0-0: Ball
1-0: Hit by Pitch
Eddie O'Bryan to second
Pitching: RHP Larry Gordon
Batting: LHB Thatcher Douglas 0-0: Ball
1-0: Ball
2-0: Foul Ball, location: 2F
2-1: Foul Ball, location: 2F
2-2: Strikes out swinging
Batting: LHB José Durán 0-0: Foul Ball, location: 2F
0-1: Swinging Strike
0-2: Strikes out looking
Batting: SHB Clarence Teague 0-0: Foul Ball, location: 2F
0-1: Foul Ball, location: 2F
0-2: Ball
1-2: Strikes out swinging
Bottom of the 7th over - 0 run(s), 0 hit(s), 0 error(s), 2 left on base; Sun Prairie 10 - Paynesville 0
TOP OF THE 8TH
Sun Prairie Swallows batting - Pitching for Paynesville Pyramids : RHP Juan Herrera
Batting: RHB Monty Sharp 0-0: Foul Ball, location: 2F
0-1: SINGLE (Line Drive, 78S)
Batting: RHB Ron Williams 0-0: Ball
1-0: Ball
2-0: Called Strike
Monty Sharp steals 2nd base
2-1: Called Strike
2-2: Ball
3-2: DOUBLE (Flyball, 78M)
Monty Sharp scores
Batting: LHB Bernardo Elías 0-0: Ball
1-0: Ball
2-0: Foul Ball, location: 2F
2-1: Called Strike
2-2: Fly out, F9 (Flyball, 89M)
Batting: RHB Jeremy Christensen 0-0: Called Strike
0-1: Ball
1-1: Foul Ball, location: 2F
1-2: Foul Ball, location: 2F
1-2: Ball
2-2: Strikes out swinging
Batting: RHB Jon Erickson 0-0: Ball
1-0: Called Strike
1-1: Ball
2-1: Called Strike
2-2: Foul Ball, location: 2F
2-2: Ball
3-2: 2-RUN HOME RUN (Flyball, 7D), Distance : 385 ft
Batting: LHB Kent Roberts 0-0: Swinging Strike
0-1: Swinging Strike
0-2: Foul Ball, location: 2F
0-2: Strikes out looking
Top of the 8th over - 3 run(s), 3 hit(s), 0 error(s), 0 left on base; Sun Prairie 13 - Paynesville 0
BOTTOM OF THE 8TH
Paynesville Pyramids batting - Pitching for Sun Prairie Swallows : RHP Larry Gordon
Batting: RHB Bob Curry 0-0: Bunted foul
0-1: Foul Ball, location: 2F
0-2: Ball
1-2: Ground out U3 (Groundball, 3)
Batting: LHB Greg Robinson 0-0: Called Strike
0-1: Ball
1-1: Ball
2-1: Called Strike
2-2: SINGLE (Line Drive, 4MD)
Batting: RHB Todd Blake 0-0: Foul Ball, location: 2F
0-1: SINGLE (Flyball, 78S)
Greg Robinson to second
Batting: RHB Bill Dennis 0-0: Foul Ball, location: 2F
0-1: Called Strike
0-2: Ball
1-2: Ball
2-2: Fly out, F2 (Popup, 2RF)
Batting: RHB Eddie O'Bryan 0-0: Ball
1-0: Ball
2-0: Fly out, F9 (Popup, 9LS)
Bottom of the 8th over - 0 run(s), 2 hit(s), 0 error(s), 2 left on base; Sun Prairie 13 - Paynesville 0
TOP OF THE 9TH
Sun Prairie Swallows batting - Pitching for Paynesville Pyramids : RHP Juan Herrera
Pitching: LHP Tomás Torres
Batting: RHB Dave Moulin 0-0: Ball
1-0: Foul Ball, location: 2F
1-1: Swinging Strike
1-2: SOLO HOME RUN (Flyball, 78XD), Distance : 410 ft
Batting: RHB David Morales 0-0: Ball
1-0: Called Strike
1-1: Called Strike
1-2: Ball
2-2: Ball
3-2: SINGLE (Line Drive, 8LS)
Batting: RHB Edgar Carrillo 0-0: Ball
1-0: Swinging Strike
1-1: Ball
David Morales steals 2nd base
2-1: Ball
3-1: Base on Balls
Batting: RHB Monty Sharp 0-0: Called Strike
0-1: SINGLE (Groundball, 34D)
David Morales to third
Edgar Carrillo to second
Runner from 3rd tries for Home, SAFE, no throw or cutoff
Batting: RHB Ron Williams 0-0: Called Strike
0-1: Ball
1-1: Called Strike
1-2: Foul Ball, location: 2F
1-2: Foul Ball, location: 2F
1-2: Ball
2-2: Ball
3-2: Foul Ball, location: 2F
3-2: Foul Ball, location: 2F
3-2: Foul Ball, location: 2F
3-2: Foul Ball, location: 2F
3-2: Base on Balls
Edgar Carrillo to third
Monty Sharp to second
Batting: LHB Bernardo Elías 0-0: Called Strike
0-1: Foul Ball, location: 2F
0-2: Ball
1-2: Strikes out looking
Batting: RHB Jeremy Christensen 0-0: Called Strike
0-1: Ball
1-1: Foul Ball, location: 2F
1-2: SINGLE (Line Drive, 6MD)
Edgar Carrillo scores
Monty Sharp to third
Ron Williams to second
Batting: RHB Jon Erickson 0-0: Ball
1-0: Foul Ball, location: 2F
1-1: Ball
2-1: Called Strike
2-2: Ball
3-2: Foul Ball, location: 2F
3-2: Base on Balls
Monty Sharp scores
Ron Williams to third
Jeremy Christensen to second
Pitching: LHP Jon Hall
Batting: LHB Kent Roberts 0-0: Called Strike
0-1: Ball
1-1: Ball
2-1: Foul Ball, location: 2F
2-2: Ball
3-2: Base on Balls
Ron Williams scores
Jeremy Christensen to third
Jon Erickson to second
Batting: RHB Dave Moulin 0-0: Ball
1-0: Swinging Strike
1-1: Fly out, F9 (Flyball, 89M)
Batting: RHB David Morales 0-0: Swinging Strike
0-1: Foul Ball, location: 2F
0-2: Ground out 1-3 (Groundball, 13)
Top of the 9th over - 5 run(s), 4 hit(s), 0 error(s), 3 left on base; Sun Prairie 18 - Paynesville 0
BOTTOM OF THE 9TH
Paynesville Pyramids batting - Pitching for Sun Prairie Swallows : RHP Larry Gordon
Batting: SHB Evan Adams 0-0: Ball
1-0: Called Strike
1-1: Foul Ball, location: 2F
1-2: Fly out, F9 (Flyball, 89S)
Pitching: RHP Jacob Cox
Batting: LHB Thatcher Douglas 0-0: Swinging Strike
0-1: Foul Ball, location: 2F
0-2: Foul Ball, location: 2F
0-2: Ball
1-2: Foul Ball, location: 2F
1-2: Ball
2-2: Ground out U3 (Groundball, 3S)
Batting: LHB José Durán 0-0: Fly out, F5 (Popup, 25F)
Bottom of the 9th over - 0 run(s), 0 hit(s), 0 error(s), 0 left on base; Sun Prairie 18 - Paynesville 0
This league is powered by Out of the Park Baseball, the baseball management simulation game for PC, Mac and Linux
Monday, May 4th, 2015 - OOTP Baseball 15.6 Build 34